 Dungeon Crawl Stone Soup version 0.28-a0-1167-g616b1c6417 (webtiles) character file.

Game seed: 1709380639010718857

6 LadyOphelia the Ducker (level 1, -1/11 HPs)
             Began as a Spriggan Abyssal Knight on Dec 16, 2021.
             Was a Follower of Lugonu.
             Slain by an endoplasm (3 damage)
             ... on level 1 of the Dungeon.
             The game lasted 00:02:13 (124 turns).

LadyOphelia the Ducker (Spriggan Abyssal Knight)     Turns: 124, Time: 00:02:13

Health: -1/11      AC:  2    Str:  9    XL:     1   Next: 75%
Magic:  3/3        EV: 18    Int: 11    God:    Lugonu [*.....]
Gold:   0          SH:  0    Dex: 15    Spells: 0/0 levels left

rFire   . . .      SeeInvis +   a - +1 short sword
rCold   . . .      Faith    .   (shield restricted)
rNeg    . . .      Spirit   .   b - +0 robe
rPois   .          Reflect  .   (helmet restricted)
rElec   .          Harm     .   (no cloak)
rCorr   .          Rampage  .   (gloves unavailable)
Will    .....                   (boots unavailable)
Stlth   +.........              (no amulet)
HPRegen 0.03/turn               (no ring)
MPRegen 0.08/turn               (no ring)

@: very quick
A: very small, no large weapons, unfitting armour, see invisible, speed 3
a: Renounce Religion, Depart the Abyss


You were on level 1 of the Dungeon.
You worshipped Lugonu.
Lugonu was aware of your devotion.
You visited 1 branch of the dungeon, and saw 1 of its levels.
You visited the Abyss 1 time.

Inventory:

Hand Weapons
 a - a +1 short sword (weapon)
Armour
 b - a +0 robe (worn)
Scrolls
 c - a scroll of teleportation {unknown}


   Skills:
 + Level 2.5 Fighting
 + Level 2.2 Short Blades
 + Level 3.6 Dodging
 + Level 1.7 Invocations


You couldn't memorise any spells.
You didn't know any spells.
Your spell library was empty.

Dungeon Overview and Level Annotations

Branches:
Dungeon (1/15)

Altars:


Innate Abilities, Weirdness & Mutations

You are very small and have problems with some larger weapons.
You are too small for most types of armour.
You have supernaturally acute eyesight. (SInv)
You cover ground extremely quickly. (Speed+++)


Message History

A rat comes into view.
An endoplasm comes into view.
You hit the rat.
The rat is heavily wounded.
The rat bites you.
You hit the rat.
You kill the rat!
Lugonu accepts your kill.
The endoplasm quivers.
A quokka comes into view.
A kobold comes into view. It is wielding a +0 short sword.
The kobold shouts!
You hit the endoplasm.
The endoplasm is lightly wounded.
The endoplasm completely misses you.
You hit the endoplasm.
The endoplasm is heavily wounded.
A rat comes into view.
The endoplasm hits you.
You miss the quokka. The quokka barely misses you. x2
You closely miss the quokka. The endoplasm misses you. The quokka bites you.
You closely miss the quokka. The quokka closely misses you.
The endoplasm freezes you.
You are frozen.
You closely miss the quokka. The quokka misses you.
The kobold barely misses you. The endoplasm completely misses you.
You hit the quokka but do no damage. The quokka completely misses you.
The kobold barely misses you. The endoplasm completely misses you.
You completely miss the quokka. The quokka misses you.
The kobold hits you with a +0 short sword.
A rat comes into view.
The endoplasm freezes you.
You are frozen.
* * * LOW HITPOINT WARNING * * *
The quokka barely misses you.
Okay, then.
You hit the quokka.
The quokka is moderately wounded.
The kobold misses you. The endoplasm hits you.
You die...

##. #.# #.#
#.###.## #.
#.# #.##.##.##
#.#.# #.#.#.##
#...#####...##
#.........##
#+#######'####
#....# ##...#
#.@.# ###KrJ##
#......#
#.##.#.#
#...........
#.##.....##.
#. #.#...# #
......#
......#


You could see an endoplasm, a quokka and a kobold.

Vanquished Creatures
  A dart slug (D:1)
  A quokka (D:1)
  A ball python (D:1)
  A frilled lizard (D:1)
  A rat (D:1)
5 creatures vanquished.

Notes
Turn   | Place    | Note
-------+----------+-------------------------------------------
     0 | Abyss:1  | LadyOphelia the Spriggan Abyssal Knight began the quest for
                  | the Orb.
     0 | Abyss:1  | Reached XP level 1. HP: 11/11 MP: 3/3
    23 | D:1      | Escaped the Abyss
   124 | D:1      | Slain by an endoplasm

Illustrated notes

Levels and vault maps discovered:
D:1:      roderic_octagonal_star, layout_loops_cross, minmay_heptomino_l4

Action                   || total
-------------------------++-------
Melee: Short sword       ||    21
 Stab: Sleeping          ||     1
Dodge: Dodged            ||    21

Table legend: (Time is in decaauts)
 A = Elapsed time spent in this place.
 B = Non-inter-level travel time spent in this place.
 C = Inter-level travel time spent in this place.
 D = Time resting spent in this place.
 E = Time spent auto-exploring this place.
 F = Levels seen in this place.
 G = Mean time per level.
                   A        B        C        D        E       F      G
               +--------+--------+--------+--------+--------+-----+--------+
         Total |     88 |     88 |      0 |      0 |     30 |   2 |   44.0 |
       Dungeon |     74 |     74 |      0 |      0 |     30 |   1 |   74.0 |
         Abyss |     14 |     14 |      0 |      0 |      0 |   1 |   14.0 |
               +--------+--------+--------+--------+--------+-----+--------+

Top non-repeatable levels by time:
     D:1: 74 daAuts
 Abyss:1: 14 daAuts
